 Dungeon Crawl Stone Soup version 0.16.2-12-gd0ad4c3 (webtiles) character file.

172 dvd the Insei (level 5, 0/37 HPs)
             Began as an Octopode Monk on Oct 22, 2015.
             Succumbed to an adder's poison
             ... on level 3 of the Dungeon.
             The game lasted 00:10:33 (2489 turns).

dvd the Insei (Octopode Monk)                       Turns: 2489, Time: 00:10:33

Health: 0/37       AC:  1    Str: 11    XL:     5   Next: 52%
Magic:  5/5        EV: 14    Int: 13    God:
Gold:   67         SH:  0    Dex: 14    Spells: 0 memorised, 4 levels left

rFire  . . .     SeeInvis .       - Unarmed
rCold  . . .     Clarity  .     (no shield)
rNeg   . . .     SustAb   .     (helmet restricted)
rPois  .         Gourm    .     (no amulet)
rElec  .         Spirit   .     h - ring of teleportation (curse)
rCorr  .         Warding  .     (no ring)
rMut   .         Rnd*Tele +     (no ring)
MR     ++...                    (no ring)
Stlth  ++++......               (no ring)
                                (no ring)
                                (no ring)
                                (no ring)

@: lethally poisoned (0 -> -2), exhausted, slowed, very slow, very resistant to
hostile enchantments, stealthy
A: almost no armour, amphibious, 8 rings, constrict 8, tentacle spike 1,
camouflage 1, magic resistance 2, gelatinous body 1
a: Evoke Teleportation


You were on level 3 of the Dungeon.
You were not hungry.

You visited 1 branch of the dungeon, and saw 3 of its levels.

You collected 67 gold pieces.

Inventory:

Armour
 f - a +0 shield
Jewellery
 h - a cursed ring of teleportation (left tentacle)
Scrolls
 g - 3 scrolls of identify
Potions
 a - a potion of cancellation
 d - a potion of mutation
 j - a potion of berserk rage
Comestibles
 b - a bread ration
 c - 6 chunks of flesh


   Skills:
 + Level 3.9 Fighting
 + Level 3.9 Dodging
 + Level 4.2 Stealth
 + Level 5.0 Unarmed Combat


You had 4 spell levels left.
You didn't know any spells.

Dungeon Overview and Level Annotations

Branches:
Dungeon (3/15)

Altars:
Sif Muna

Annotations:
D:3 Ijyb


Innate Abilities, Weirdness & Mutations

You cannot wear most types of armour.
You are amphibious.
You can wear up to eight rings at the same time.
You can use your tentacles to constrict many enemies at once.
Your skin changes colour to match your surroundings (Stealth).
Your rubbery body absorbs attacks (AC +1).
One of your tentacles bears a spike.
You are highly resistant to hostile enchantments.


Message History

You constrict the orc wizard. The orc wizard completely misses you.
The orc wizard hits you with a dagger.
* * * LOW HITPOINT WARNING * * *
You bludgeon the orc wizard!
You kill the orc wizard!
Your Unarmed Combat skill increases to level 5!
Your surroundings seem slightly different.
You are no longer berserk.
You are exhausted.
You feel yourself slow down.
You are feeling hungry.
* * * LOW HITPOINT WARNING * * *
You feel sick.
Drink which item? (? for menu, Esc to quit)
It was a potion of magic.
Magic courses through your body.
Drink which item? (? for menu, Esc to quit)
It was a potion of restore abilities.
You feel refreshed.
Eat one of 7 chunks of flesh? (ye/n/q/i?) This raw flesh tastes terrible.
You die...

#.#.............#
######........#
#...###### #...# #...####
###..##..######
#....#..8#..≈.#
######.##..._^'..≈>#
.......##.#..8#.@≈o#
##........##..######
##.##..##.##### ###
...##........# #.#
.#.##÷.......# #.#
.......##.>.... #.#
.......##.##.## #.###
####.#.##.##.#####...####
#.#.##.##....<.......#


You could see an orc wizard.

Vanquished Creatures
  Sigmund (D:2)
  An orc wizard (D:3)
  2 adders
  A gnoll (D:3)
  A giant mite (D:3)
  A giant gecko (D:1)
  2 oozes (D:1)
  4 ball pythons
  4 bats
  2 giant cockroaches
  8 hobgoblins
  2 quokkas (D:2)
  A giant newt (D:2)
  9 goblins
  8 jackals (D:2)
  8 kobolds
  3 rats
58 creatures vanquished.

Notes
Turn   | Place    | Note
--------------------------------------------------------------
     0 | D:1      | dvd, the Octopode Monk, began the quest for the Orb.
     0 | D:1      | Reached XP level 1. HP: 16/16 MP: 1/1
   286 | D:1      | Reached XP level 2. HP: 21/21 MP: 2/2
  1250 | D:2      | Reached XP level 3. HP: 14/26 MP: 3/3
  1557 | D:2      | Noticed Sigmund
  1803 | D:2      | Reached XP level 4. HP: 26/31 MP: 4/4
  1817 | D:2      | Killed Sigmund
  1817 | D:2      | Reached XP level 5. HP: 12/37 MP: 5/5
  2296 | D:3      | Noticed Ijyb
  2467 | D:3      | Found a deep blue altar of Sif Muna.
  2479 | D:3      | Gained mutation: One of your tentacles bears a spike. [potion of mutation]
  2479 | D:3      | Gained mutation: You are resistant to hostile enchantments. [potion of mutation]
  2479 | D:3      | Gained mutation: You are highly resistant to hostile enchantments. [potion of mutation]
  2485 | D:3      | Reached skill level 5 in Unarmed Combat
  2486 | D:3      | HP: 1/37 [poisoned by an adder]
  2489 | D:3      | Succumbed to an adder's poison

Action                   |  1- 3 |  4- 6 || total
-------------------------+-------+-------++-------
Melee: Unarmed           |    77 |    41 ||   118
  Use: Scroll            |     3 |       ||     3
       Potion            |       |     4 ||     4
 Stab: Sleeping          |     5 |     5 ||    10
  Eat: Chunk             |     3 |     3 ||     6
